 Dungeon Crawl Stone Soup version 0.27-a0-404-g4390dbc5be (webtiles) character file.

Game seed: 2085122318179237687

9 Nattfarinn the Grave Robber (level 2, -2/19 HPs)
             Began as a Demonspawn Necromancer on Feb 22, 2021.
             Slain by a goblin (4 damage)
             ... on level 1 of the Dungeon.
             The game lasted 00:01:13 (570 turns).

Nattfarinn the Grave Robber (Demonspawn Necromancer) Turns: 570, Time: 00:01:13

Health: -2/19      AC:  2    Str:  8    XL:     2   Next: 6%
Magic:  0/5        EV:  9    Int: 16    God:
Gold:   0          SH:  6    Dex: 13    Spells: 4/5 levels left

rFire    . . .     SeeInvis .   d - +3 dagger
rCold    . . .     Faith    .   b - +0 kite shield
rNeg     . . .     Spirit   .   a - +0 robe
rPois    .         Reflect  .   (no helmet)
rElec    .         Harm     .   (no cloak)
rCorr    .         Rampage  .   (no gloves)
Will     .....                  (no boots)
Stlth    ++........             (no amulet)
HPRegen  0.06/turn              (no ring)
MPRegen  0.09/turn              (no ring)

@: no status effects
A: claws 1
a: no special abilities


You were on level 1 of the Dungeon.
You visited 1 branch of the dungeon, and saw 1 of its levels.

Inventory:

Hand Weapons
 c - a +0 short sword
 d - a +3 dagger (weapon)
Armour
 a - a +0 robe (worn)
 b - a +0 kite shield (worn)


   Skills:
 - Level 1.7 Dodging
 - Level 1.7 Stealth
 - Level 2.0 Spellcasting
 * Level 4.9 Necromancy


You had 4 spell levels left.
You knew the following spells:

 Your Spells              Type           Power        Failure   Level
a - Pain                  Necr           68%          19%         1

Your spell library contained the following spells:

 Spells                   Type           Power        Failure   Level
 Animate Skeleton         Necr           34%          19%         1
 Vampiric Draining        Necr           8%           50%         3
 Animate Dead             Necr           8%           88%         4
 Agony                    Necr           17%          99%         5


Dungeon Overview and Level Annotations

Branches:
Dungeon (1/15)

Altars:


Innate Abilities, Weirdness & Mutations

You have sharp fingernails.


Message History

Casting: Pain (safe; 21% risk of failure)
Confirm with . or Enter, or press ? or * to list all spells.
Aiming: Pain (safe; 21% risk of failure)
Press: ? - help, Shift-Dir - straight line, f - hobgoblin
Aim: a hobgoblin, wielding a +0 club (severely wounded, chance to affect: 87%)
Okay, then.
You aren't carrying any potions.
There is an open door here.
Casting: Pain (safe; 21% risk of failure)
Confirm with . or Enter, or press ? or * to list all spells.
Aiming: Pain (safe; 21% risk of failure)
Press: ? - help, Shift-Dir - straight line, f - hobgoblin
Aim: a hobgoblin, wielding a +0 club (heavily wounded, chance to affect: 87%)
The hobgoblin writhes in agony.
You kill the hobgoblin!
You have reached level 2!
Your demonic ancestry asserts itself...
Your fingernails lengthen.
A hobgoblin is nearby!
Casting: Pain (safe; 19% risk of failure)
Confirm with . or Enter, or press ? or * to list all spells.
Aiming: Pain (safe; 19% risk of failure)
Press: ? - help, Shift-Dir - straight line, f - hobgoblin
Aim: a hobgoblin, wielding a +0 club and quivering stones (chance to affect: 87%)
The hobgoblin barely resists.
You block the hobgoblin's attack.
Casting: Pain (safe; 19% risk of failure)
Confirm with . or Enter, or press ? or * to list all spells.
Aiming: Pain (safe; 19% risk of failure)
Press: ? - help, Shift-Dir - straight line, f/p - hobgoblin
Aim: a hobgoblin, wielding a +0 club and quivering stones (chance to affect: 87%)
The hobgoblin barely resists.
Casting: Pain (safe; 19% risk of failure)
Confirm with . or Enter, or press ? or * to list all spells.
Aiming: Pain (safe; 19% risk of failure)
Press: ? - help, Shift-Dir - straight line, f/p - hobgoblin
Aim: a hobgoblin, wielding a +0 club and quivering stones (chance to affect: 87%)
The hobgoblin writhes in agony.
You kill the hobgoblin!
You closely miss the goblin. The goblin hits you.
You die...

#.# #.######### ..#
##........... ..#
#........#..#
..###....)...#..
...##........#.. #
...##........#.# .#
...##........#.###.#
...##......#.#.#...#
..........g'.g.#@#
#+#+#...รท..###.#g#
#........#.g...).#
.........#####.###
.........# #..
....##########.#
....# #.....#.#
....# ##.8.8.#.#
.).####...8..#..


You could see a goblin.

Vanquished Creatures
  4 goblins (D:1)
  3 hobgoblins (D:1)
  A rat (D:1)
8 creatures vanquished.

Notes
Turn   | Place    | Note
-------+----------+-------------------------------------------
     0 | D:1      | Nattfarinn the Demonspawn Necromancer began the quest for
                  | the Orb.
     0 | D:1      | Reached XP level 1. HP: 13/13 MP: 3/3
   566 | D:1      | Gained mutation: You have sharp fingernails. [demonic
                  | ancestry]
   566 | D:1      | Reached XP level 2. HP: 2/19 MP: 3/5
   570 | D:1      | Slain by a goblin

Illustrated notes

Levels and vault maps discovered:
D:1:      ncdulo_halloftheorcs, layout_basic

Action                   || total
-------------------------++-------
Melee: Short sword       ||    11
       Dagger            ||     4
 Cast: Pain              ||     6
Armor: Robe              ||     2
Dodge: Dodged            ||     4
Block: Kite shield       ||     5

Table legend: (Time is in decaauts)
 A = Elapsed time spent in this place.
 B = Non-inter-level travel time spent in this place.
 C = Inter-level travel time spent in this place.
 D = Time resting spent in this place.
 E = Time spent auto-exploring this place.
 F = Levels seen in this place.
 G = Mean time per level.
                   A        B        C        D        E       F      G
               +--------+--------+--------+--------+--------+-----+--------+
         Total |    574 |    574 |      0 |    433 |     50 |   1 |  574.0 |
       Dungeon |    574 |    574 |      0 |    433 |     50 |   1 |  574.0 |
               +--------+--------+--------+--------+--------+-----+--------+

Top non-repeatable levels by time:
     D:1: 574 daAuts
